[Event "4th Memorial Warakomska-A 2020"]
[Site "Suwalki"]
[Date "2020.08.09"]
[Round "5.14"]
[White "Sobocinski, Slawomir"]
[Black "Krasiewicz, Robert"]
[Result "0-1"]
[ECO "A40"]
[WhiteElo "1914"]
[BlackElo "2033"]
[Annotator "ChessBase"]
[PlyCount "138"]
[EventDate "2020.08.06"]
[EventType "swiss"]
[EventCountry "POL"]
[SourceTitle "playchess.com"]
[Source "ChessBase"]
[SourceQuality "1"]
[TimeControl "40/5400+30:1800+30"]

1. d4 g6 2. Nf3 Bg7 3. e3 d6 4. c4 f5 5. Nc3 Nf6 6. Bd3 Nc6 7. O-O e5 8. d5 Ne7 9. Be2 O-O 10. b4 a5 11. bxa5 Rxa5 12. Bd2 b6 13. Nb5 Ra8 14. Bc3 Bd7 15. a4 Kh8 16. Qb3 Ne4 17. Bb4 g5 18. Nd2 Nf6 19. Rfd1 g4 20. Bc3 f4 21. exf4 exf4 22. Bd3 Ng6 23. Re1 Ne5 24. Rxe5 dxe5 25. Bxe5 Ne8 26. Qc3 Qe7 27. Bxg7+ Qxg7 28. Nd4 Rxa4 29. Re1 Nd6 30. Bc2 Raa8 31. Qd3 Bf5 32. Nxf5 Nxf5 33. Nb3 Rae8 34. Re6 Rxe6 35. dxe6 Qe5 36. h4 g3 37. fxg3 fxg3 38. Nd2 Qd4+ 39. Qxd4+ Nxd4 40. Be4 Nxe6 41. Nf1 Rf4 42. Bd5 Nd8 43. Nxg3 Rxh4 44. Nf5 Rf4 45. Ne3 Kg7 46. g3 Rf8 47. Kg2 Kf6 48. g4 Ke5 49. Kg3 c6 50. Bf3 Kd4 51. Kf2 Rf6 52. g5 Re6 53. Nf5+ Kxc4 54. Kg3 b5 55. Kf4 b4 56. Ne3+ Kd3 57. Nd1 b3 58. Nf2+ Kc3 59. Ne4+ Kc2 60. Nc5 b2 61. Nxe6 Nxe6+ 62. Ke3 Nxg5 63. Be2 b1=Q 64. Bd3+ Kc1 65. Bxb1 Kxb1 66. Kf4 c5 67. Kxg5 c4 68. Kh6 c3 69. Kxh7 c2 0-1

[Event "4th Memorial Warakomska-A 2020"]
[Site "Suwalki"]
[Date "2020.08.09"]
[Round "5.15"]
[White "Jurkiewicz, Krzysztof"]
[Black "Flis, Pawel"]
[Result "1-0"]
[ECO "A57"]
[WhiteElo "2275"]
[BlackElo "1873"]
[Annotator "ChessBase"]
[PlyCount "53"]
[EventDate "2020.08.06"]
[EventType "swiss"]
[EventCountry "POL"]
[SourceTitle "playchess.com"]
[Source "ChessBase"]
[SourceQuality "1"]
[TimeControl "40/5400+30:1800+30"]

1. d4 Nf6 2. c4 c5 3. d5 b5 4. a4 bxc4 5. Nc3 e6 6. e4 d6 7. Bxc4 exd5 8. Bxd5 Nxd5 9. Qxd5 Qc7 10. Qxa8 Bb7 11. Nd5 Qc8 12. Qxa7 Nc6 13. Qb6 Nd4 14. Be3 Nc2+ 15. Kd2 Nxa1 16. Ne2 Bxd5 17. exd5 Nc2 18. Qb5+ Kd8 19. Kxc2 Qf5+ 20. Qd3 Qg4 21. Nc3 Qxg2 22. Ra1 Be7 23. a5 Kc7 24. a6 Ra8 25. a7 Bf6 26. Qb5 Bxc3 27. Qc6+ 1-0

[Event "4th Memorial Warakomska-A 2020"]
[Site "Suwalki"]
[Date "2020.08.10"]
[Round "6.1"]
[White "Goluch, Piotr"]
[Black "Gumularz, Szymon"]
[Result "0-1"]
[ECO "E04"]
[WhiteElo "2376"]
[BlackElo "2513"]
[Annotator "ChessBase"]
[PlyCount "66"]
[EventDate "2020.08.06"]
[EventType "swiss"]
[EventCountry "POL"]
[SourceTitle "playchess.com"]
[Source "ChessBase"]
[SourceQuality "1"]
[TimeControl "40/5400+30:1800+30"]

1. d4 Nf6 2. c4 e6 3. g3 d5 4. Nf3 dxc4 5. Bg2 a6 6. O-O Nc6 7. Nc3 Rb8 8. e4 Be7 9. Qe2 b5 10. Rd1 O-O 11. Bf4 Re8 12. h4 Nb4 13. Ne1 Bb7 14. Rac1 Nd7 15. Qd2 Bf8 16. Bh3 Ra8 17. Bg5 Qb8 18. h5 h6 19. Bf4 Qd8 20. Bg2 c5 21. d5 exd5 22. exd5 Nf6 23. Bf3 Qd7 24. b3 cxb3 25. axb3 Rad8 26. Be3 Qf5 27. Bg2 Qxh5 28. Na2 Nxa2 29. Qxa2 Bxd5 30. Bxd5 Rxd5 31. Rxd5 Nxd5 32. Qxa6 Nxe3 33. Qxb5 Ng4 0-1

[Event "4th Memorial Warakomska-A 2020"]
[Site "Suwalki"]
[Date "2020.08.10"]
[Round "6.2"]
[White "Janik, Igor"]
[Black "Mulet, Piotr"]
[Result "1/2-1/2"]
[ECO "A29"]
[WhiteElo "2467"]
[BlackElo "2217"]
[Annotator "ChessBase"]
[PlyCount "71"]
[EventDate "2020.08.06"]
[EventType "swiss"]
[EventCountry "POL"]
[SourceTitle "playchess.com"]
[Source "ChessBase"]
[SourceQuality "1"]
[TimeControl "40/5400+30:1800+30"]

1. c4 e5 2. Nc3 Nf6 3. Nf3 Nc6 4. g3 Nd4 5. Bg2 Nxf3+ 6. Bxf3 h5 7. d4 exd4 8. Qxd4 d6 9. Bg5 Be7 10. h3 c6 11. Rd1 Be6 12. Kf1 Qa5 13. Bf4 O-O-O 14. Kg2 g5 15. Bd2 Qc5 16. Qxc5 dxc5 17. Bxg5 Bxc4 18. b3 Be6 19. e4 c4 20. bxc4 Bxc4 21. e5 Nd5 22. Ne4 Bxg5 23. Nxg5 Ne7 24. Rxd8+ Kxd8 25. a3 Kc7 26. Be4 b5 27. f4 Be6 28. Rc1 a5 29. Kf3 b4 30. axb4 axb4 31. g4 hxg4+ 32. hxg4 Bd5 33. Rb1 Bxe4+ 34. Kxe4 Nd5 35. Rb3 Rh1 36. Nxf7 1/2-1/2

[Event "4th Memorial Warakomska-A 2020"]
[Site "Suwalki"]
[Date "2020.08.10"]
[Round "6.3"]
[White "Praczukowski, Stanislaw"]
[Black "Grabarczyk, Miroslaw"]
[Result "1/2-1/2"]
[ECO "C43"]
[WhiteElo "2132"]
[BlackElo "2366"]
[Annotator "ChessBase"]
[PlyCount "36"]
[EventDate "2020.08.06"]
[EventType "swiss"]
[EventCountry "POL"]
[SourceTitle "playchess.com"]
[Source "ChessBase"]
[SourceQuality "1"]
[TimeControl "40/5400+30:1800+30"]

1. e4 e5 2. Nf3 Nf6 3. d4 Nxe4 4. Bd3 d5 5. Nxe5 Nd7 6. Nxd7 Bxd7 7. O-O Bd6 8. Qh5 O-O 9. Qxd5 Bc6 10. Qh5 g6 11. Qh3 Re8 12. Nc3 Ng5 13. Bxg5 Qxg5 14. Rae1 Rad8 15. Ne4 Bxe4 16. Rxe4 Rxe4 17. Bxe4 Re8 18. Bd3 Qd5 1/2-1/2

[Event "4th Memorial Warakomska-A 2020"]
[Site "Suwalki"]
[Date "2020.08.10"]
[Round "6.4"]
[White "Rudzinska, Michalina"]
[Black "Lewicki, Miroslaw"]
[Result "0-1"]
[ECO "B50"]
[WhiteElo "2080"]
[BlackElo "2340"]
[Annotator "ChessBase"]
[PlyCount "100"]
[EventDate "2020.08.06"]
[EventType "swiss"]
[EventCountry "POL"]
[SourceTitle "playchess.com"]
[Source "ChessBase"]
[SourceQuality "1"]
[TimeControl "40/5400+30:1800+30"]

1. e4 c5 2. Nf3 d6 3. Nc3 Nf6 4. e5 dxe5 5. Nxe5 e6 6. Bb5+ Nbd7 7. d4 a6 8. Bxd7+ Nxd7 9. Qf3 Qf6 10. Bf4 Nxe5 11. dxe5 Qf5 12. O-O-O Be7 13. g4 Qg6 14. Ne4 h5 15. g5 Qf5 16. Kb1 Qg4 17. Qe3 Bd7 18. Rhg1 Qf5 19. g6 fxg6 20. Bg5 Bc6 21. Nxc5 Bf8 22. Nb3 Bd5 23. Rxd5 exd5 24. Nd4 Qe4 25. Qh3 Qxe5 26. f4 Qd6 27. Qb3 b5 28. f5 gxf5 29. Re1+ Kf7 30. Nxf5 Qd7 31. Qf3 Kg6 32. Ne7+ Bxe7 33. Rxe7 Rhf8 34. Qg3 Rf1+ 35. Bc1+ Qg4 36. Qd6+ Kh7 37. Qxd5 Raf8 38. Qd3+ Qg6 39. Qe3 R8f3 40. Qd2 R3f2 41. Re2 Qf5 42. h4 Rxe2 43. Qxe2 Rh1 44. a3 Rxh4 45. Ka2 Rg4 46. b3 h4 47. Bb2 h3 48. Qe3 Rg2 49. Qd4 Qxc2 50. Qh4+ Kg6 0-1

[Event "4th Memorial Warakomska-A 2020"]
[Site "Suwalki"]
[Date "2020.08.10"]
[Round "6.5"]
[White "Shilov, Sergej"]
[Black "Rasti, Arvin"]
[Result "1-0"]
[ECO "A37"]
[WhiteElo "2121"]
[BlackElo "2139"]
[Annotator "ChessBase"]
[PlyCount "65"]
[EventDate "2020.08.06"]
[EventType "swiss"]
[EventCountry "POL"]
[SourceTitle "playchess.com"]
[Source "ChessBase"]
[SourceQuality "1"]
[TimeControl "40/5400+30:1800+30"]

1. c4 c5 2. Nf3 Nc6 3. Nc3 g6 4. g3 Bg7 5. Bg2 e6 6. O-O Nge7 7. d4 cxd4 8. Nb5 O-O 9. Nbxd4 d5 10. Nxc6 bxc6 11. Qa4 e5 12. cxd5 cxd5 13. Rd1 Bd7 14. Qa3 Bc6 15. Bg5 Re8 16. Rac1 Bb5 17. Rc5 Rb8 18. e4 f6 19. Bc1 Be2 20. Re1 Bxf3 21. Bxf3 d4 22. Bd2 Qb6 23. b4 Nc6 24. Be2 Bf8 25. Qb3+ Kg7 26. Rb5 Qc7 27. Rc1 Qd6 28. a3 Ne7 29. Rxb8 Rxb8 30. Bd3 Qd7 31. Bb1 Rc8 32. Rxc8 Nxc8 33. Ba2 1-0

[Event "4th Memorial Warakomska-A 2020"]
[Site "Suwalki"]
[Date "2020.08.10"]
[Round "6.6"]
[White "Malaczek, Mateusz"]
[Black "Godzwon, Iwo"]
[Result "1-0"]
[ECO "A20"]
[WhiteElo "2036"]
[BlackElo "2347"]
[Annotator "ChessBase"]
[PlyCount "81"]
[EventDate "2020.08.06"]
[EventType "swiss"]
[EventCountry "POL"]
[SourceTitle "playchess.com"]
[Source "ChessBase"]
[SourceQuality "1"]
[TimeControl "40/5400+30:1800+30"]

1. c4 e5 2. g3 Nc6 3. Bg2 Bc5 4. e3 d6 5. a3 a6 6. Ne2 Ba7 7. Nbc3 h5 8. h4 Nge7 9. b4 Be6 10. Nd5 Qd7 11. Bb2 Nd8 12. Nxe7 Qxe7 13. Rc1 Bg4 14. f3 Bd7 15. Kf2 c6 16. d4 f5 17. dxe5 dxe5 18. c5 Nf7 19. Qc2 Bb8 20. Rcd1 O-O 21. Bh3 Nh6 22. Qc3 Bc7 23. Rd2 Rae8 24. Rhd1 Bc8 25. f4 Nf7 26. Ng1 Qf6 27. Nf3 Qg6 28. Ng5 Nxg5 29. hxg5 Be6 30. Bg2 h4 31. gxh4 exf4 32. exf4 Bxf4 33. Re2 Bf7 34. Rde1 Rd8 35. Bf3 Bd5 36. Bh5 Qh7 37. Re7 Bf7 38. Rxf7 Rd2+ 39. Kf1 Rxf7 40. Bxf7+ Kxf7 41. Qc4+ 1-0

[Event "4th Memorial Warakomska-A 2020"]
[Site "Suwalki"]
[Date "2020.08.10"]
[Round "6.7"]
[White "Backiel, Hubert"]
[Black "Szustakowski, Antoni"]
[Result "1-0"]
[ECO "B42"]
[WhiteElo "1943"]
[BlackElo "2295"]
[Annotator "ChessBase"]
[PlyCount "109"]
[EventDate "2020.08.06"]
[EventType "swiss"]
[EventCountry "POL"]
[SourceTitle "playchess.com"]
[Source "ChessBase"]
[SourceQuality "1"]
[TimeControl "40/5400+30:1800+30"]

1. e4 c5 2. Nf3 e6 3. d4 cxd4 4. Nxd4 a6 5. Bd3 Qc7 6. O-O Nf6 7. Qe2 d6 8. f4 Nbd7 9. c4 g6 10. f5 e5 11. Nb3 Bg7 12. Nc3 b6 13. g4 h6 14. fxg6 fxg6 15. Nd5 Nxd5 16. exd5 Nf8 17. Qc2 e4 18. Bxe4 Be5 19. Bxg6+ Nxg6 20. Qxg6+ Kd8 21. Rf7 Bd7 22. Bxh6 Kc8 23. Bg7 Re8 24. Bxe5 Rxe5 25. Qh7 b5 26. cxb5 Qb6+ 27. Kh1 Ra7 28. Rf8+ Be8 29. Rc1+ Kd8 30. Qc2 Ke7 31. Rf5 Bg6 32. Rxe5+ dxe5 33. Qe2 Qd6 34. b6 Qxd5+ 35. Kg1 Rd7 36. Nc5 Qd4+ 37. Kg2 Rd8 38. b7 Bf7 39. Ne4 Bd5 40. Rc7+ Ke8 41. Kf3 Qb6 42. Rh7 Bxb7 43. Kg3 Rd4 44. Qf3 Qg6 45. Nf6+ Kd8 46. Qxb7 Rd3+ 47. Kf2 Qxf6+ 48. Ke2 Rd2+ 49. Kxd2 Qf2+ 50. Kd3 Qf1+ 51. Ke4 Qf4+ 52. Kd5 Qd4+ 53. Kc6 Qc4+ 54. Kd6 Qd4+ 55. Qd5 1-0

[Event "4th Memorial Warakomska-A 2020"]
[Site "Suwalki"]
[Date "2020.08.10"]
[Round "6.8"]
[White "Kucza, Karol"]
[Black "Bugajski, Robert"]
[Result "1/2-1/2"]
[ECO "B98"]
[WhiteElo "2245"]
[BlackElo "2081"]
[Annotator "ChessBase"]
[PlyCount "120"]
[EventDate "2020.08.06"]
[EventType "swiss"]
[EventCountry "POL"]
[SourceTitle "playchess.com"]
[Source "ChessBase"]
[SourceQuality "1"]
[TimeControl "40/5400+30:1800+30"]

1. e4 c5 2. Nf3 d6 3. d4 Nf6 4. Nc3 cxd4 5. Nxd4 a6 6. Bg5 e6 7. f4 Be7 8. Qf3 h6 9. Bh4 Qc7 10. O-O-O Nbd7 11. Be2 b5 12. a3 Rb8 13. f5 e5 14. Nb3 Bb7 15. Bxf6 Nxf6 16. g4 O-O 17. h4 Rfc8 18. Bd3 b4 19. axb4 d5 20. exd5 Bxb4 21. g5 Bxc3 22. gxf6 e4 23. Bxe4 Bxf6 24. Rd2 Qb6 25. Kb1 a5 26. Qf2 Qb4 27. Rd4 Bxd4 28. Qxd4 Qxd4 29. Nxd4 a4 30. Rd1 Rc5 31. Nc6 Bxc6 32. dxc6 Re8 33. Rd4 Rce5 34. Bd3 Rc5 35. Rxa4 Rxc6 36. b4 Kf8 37. b5 Rc5 38. Kb2 Rd8 39. Rb4 Ke7 40. Kb3 Kd6 41. Rd4+ Rd5 42. Rxd5+ Kxd5 43. Kb4 Kd4 44. Bf1 Rc8 45. c4 Ra8 46. c5 Ra1 47. c6 Rb1+ 48. Ka5 Kc5 49. Ka6 Kd6 50. Kb7 Rxf1 51. c7 Rc1 52. c8=Q Rxc8 53. Kxc8 Kc5 54. h5 Kxb5 55. Kd7 Kc5 56. Ke7 Kd5 57. Kxf7 Ke5 58. Kg6 Ke4 59. f6 gxf6 60. Kxh6 f5 1/2-1/2

[Event "4th Memorial Warakomska-A 2020"]
[Site "Suwalki"]
[Date "2020.08.10"]
[Round "6.9"]
[White "Budzisz, Adrian"]
[Black "Leskiewicz, Ignacy"]
[Result "1/2-1/2"]
[ECO "B06"]
[WhiteElo "1823"]
[BlackElo "2190"]
[Annotator "ChessBase"]
[PlyCount "104"]
[EventDate "2020.08.06"]
[EventType "swiss"]
[EventCountry "POL"]
[SourceTitle "playchess.com"]
[Source "ChessBase"]
[SourceQuality "1"]
[TimeControl "40/5400+30:1800+30"]

1. e4 g6 2. d4 Bg7 3. f4 d5 4. e5 e6 5. Nf3 Ne7 6. Bd3 b6 7. O-O h5 8. g3 Ba6 9. Bxa6 Nxa6 10. c3 Qd7 11. a4 c5 12. b3 cxd4 13. cxd4 Nb4 14. Ba3 a5 15. Nc3 O-O 16. Nb5 Rfc8 17. Bxb4 axb4 18. Qd2 Nc6 19. Ne1 Na7 20. Nxa7 Rxa7 21. Qxb4 Bf8 22. Qd2 b5 23. a5 b4 24. Ra4 Qb5 25. Qa2 Rca8 26. Qc2 Rxa5 27. Rxa5 Rxa5 28. Nd3 Qa6 29. Rf2 Qa7 30. Qb2 Ra1+ 31. Kg2 Rd1 32. Qe2 Qa1 33. f5 Rg1+ 34. Kh3 Qxd4 35. fxe6 fxe6 36. Nf4 Qe4 37. Qxe4 dxe4 38. Nxg6 Bc5 39. Re2 e3 40. Nf4 Rb1 41. Nd3 Bb6 42. Nxb4 Rxb3 43. Nc2 Rb5 44. Kg2 Rxe5 45. Kf3 Rf5+ 46. Ke4 Rf2 47. Kd3 e5 48. Nxe3 e4+ 49. Kd2 Ba5+ 50. Kd1 Rf3 51. Kc2 Bb6 52. Nd5 Bg1 1/2-1/2

[Event "4th Memorial Warakomska-A 2020"]
[Site "Suwalki"]
[Date "2020.08.10"]
[Round "6.10"]
[White "Deruelle Sala, Albert"]
[Black "Wolanski, Michal"]
[Result "1-0"]
[ECO "E42"]
[WhiteElo "2078"]
[BlackElo "2019"]
[Annotator "NA"]
[PlyCount "63"]
[EventDate "2020.08.06"]
[EventType "swiss"]
[EventCountry "POL"]
[SourceTitle "playchess.com"]
[Source "ChessBase"]
[SourceQuality "1"]
[TimeControl "40/5400+30:1800+30"]

1. d4 Nf6 2. c4 e6 3. Nc3 Bb4 4. e3 c5 5. Nge2 cxd4 6. exd4 b6 {[%emt 0:00:32] E42: Nimzo-Indian: Rubinstein: 4...c5 5 Ne2.} 7. a3 Be7 8. g3 Bb7 9. d5 O-O 10. Bg2 e5 11. O-O d6 12. h3 Nbd7 13. g4 Rc8 {[%emt 0:03:38] [#]} 14. b3 $1 {[%emt 0:00:25] [#]} Nc5 $146 ({Predecessor:} 14... a6 15. a4 Nc5 16. Ng3 a5 17. Nf5 Ne8 18. f4 f6 19. Be3 Rf7 20. Nxe7+ Qxe7 {1-0 (72) Evangelisti,C (2315)-Kovacs,L Eksjo 1980}) 15. Ng3 g6 (15... Ne8 $14) 16. Bh6 Re8 17. h4 Bf8 18. Bxf8 Rxf8 19. Bh3 Ra8 20. b4 Na6 (20... Ncd7 $14) 21. g5 Ne8 22. f4 Bc8 (22... exf4 {was necessary.} 23. Rxf4 Bc8) 23. f5 f6 24. Nce4 Rb8 25. Kh2 Rb7 26. Qd2 Rg7 27. Rf2 Nac7 $18 28. Raf1 fxg5 29. fxg6 Rxf2+ 30. Qxf2 Kh8 31. Nxg5 hxg6 32. Qf8+ 1-0

[Event "4th Memorial Warakomska-A 2020"]
[Site "Suwalki"]
[Date "2020.08.10"]
[Round "6.11"]
[White "Korbal, Arkadiusz"]
[Black "Jarocka, Liwia"]
[Result "1-0"]
[ECO "A83"]
[WhiteElo "2113"]
[BlackElo "1934"]
[Annotator "ChessBase"]
[PlyCount "47"]
[EventDate "2020.08.06"]
[EventType "swiss"]
[EventCountry "POL"]
[SourceTitle "playchess.com"]
[Source "ChessBase"]
[SourceQuality "1"]
[TimeControl "40/5400+30:1800+30"]

1. d4 f5 2. e4 fxe4 3. Nc3 Nf6 4. Bg5 g6 5. h4 Bg7 6. h5 d5 7. h6 Bf8 8. Qd2 e6 9. f3 Be7 10. fxe4 Nxe4 11. Nxe4 dxe4 12. Nh3 Nc6 13. Bb5 O-O 14. O-O-O Nb4 15. Qxb4 Bxg5+ 16. Nxg5 Qxg5+ 17. Kb1 a6 18. Bc4 b5 19. Bb3 a5 20. Qc3 Qe7 21. a3 Bb7 22. d5 exd5 23. Rxd5 Rf7 24. Rd8+ 1-0

[Event "4th Memorial Warakomska-A 2020"]
[Site "Suwalki"]
[Date "2020.08.10"]
[Round "6.12"]
[White "Krasiewicz, Robert"]
[Black "Jakhari, Ansh"]
[Result "1-0"]
[ECO "A20"]
[WhiteElo "2033"]
[BlackElo "1908"]
[Annotator "ChessBase"]
[PlyCount "89"]
[EventDate "2020.08.06"]
[EventType "swiss"]
[EventCountry "POL"]
[SourceTitle "playchess.com"]
[Source "ChessBase"]
[SourceQuality "1"]
[TimeControl "40/5400+30:1800+30"]

1. c4 e5 2. g3 Nf6 3. Bg2 d5 4. cxd5 Nxd5 5. Nf3 Nc6 6. O-O Nb6 7. d3 Be7 8. a3 Be6 9. b3 O-O 10. Bb2 f6 11. Nbd2 a5 12. Qc2 Qd7 13. Rfd1 Rab8 14. Rac1 Rfc8 15. Nc4 a4 16. b4 Nd4 17. Nxd4 exd4 18. Nxb6 cxb6 19. Qd2 Rd8 20. Qf4 g5 21. Qc7 Bb3 22. Re1 Qe6 23. Bxd4 Rbc8 24. Qxb6 Rd6 25. Rxc8+ Qxc8 26. Qa7 Qc2 27. Qxb7 Qd2 28. Kf1 Kf8 29. Bc5 Re6 30. Bh3 Re5 31. d4 Rxe2 32. Bxe7+ Kf7 33. Bxf6+ Kxf6 34. Qf3+ Kg7 35. Qxe2 Qxd4 36. Qe5+ Qxe5 37. Rxe5 Kf6 38. Rf5+ Kg6 39. b5 Be6 40. g4 Bxf5 41. gxf5+ Kh5 42. b6 Kh4 43. b7 Kxh3 44. b8=Q h5 45. Qg3# 1-0

[Event "4th Memorial Warakomska-A 2020"]
[Site "Suwalki"]
[Date "2020.08.10"]
[Round "6.13"]
[White "Rosol, Alexander"]
[Black "Jurkiewicz, Krzysztof"]
[Result "1-0"]
[ECO "B75"]
[WhiteElo "1933"]
[BlackElo "2275"]
[Annotator "ChessBase"]
[PlyCount "69"]
[EventDate "2020.08.06"]
[EventType "swiss"]
[EventCountry "POL"]
[SourceTitle "playchess.com"]
[Source "ChessBase"]
[SourceQuality "1"]
[TimeControl "40/5400+30:1800+30"]

1. e4 c5 2. Nf3 d6 3. d4 cxd4 4. Nxd4 Nf6 5. Nc3 g6 6. Be3 Bg7 7. f3 a6 8. Qd2 Nbd7 9. g4 b5 10. g5 Nh5 11. O-O-O Bb7 12. Be2 Qa5 13. Kb1 Nc5 14. Nb3 Nxb3 15. axb3 Rc8 16. Nd5 Qxd2 17. Rxd2 e6 18. Nb6 Rc6 19. c4 b4 20. Rhd1 Be5 21. c5 Bf4 22. Nc4 Bxe3 23. Nxe3 Rxc5 24. Rxd6 O-O 25. h4 a5 26. Ng4 Kg7 27. Bc4 Nf4 28. Nf6 Rfc8 29. Rd7 Ba8 30. Ba6 Rf8 31. Rd8 Bc6 32. R1d2 h6 33. gxh6+ Kxf6 34. Rxf8 Rh5 35. Rc8 1-0

[Event "4th Memorial Warakomska-A 2020"]
[Site "Suwalki"]
[Date "2020.08.10"]
[Round "6.14"]
[White "Choroszej, Aleksander"]
[Black "Chojnowski, Marcin"]
[Result "1-0"]
[ECO "E20"]
[WhiteElo "2059"]
[BlackElo "2035"]
[Annotator "ChessBase"]
[PlyCount "42"]
[EventDate "2020.08.06"]
[EventType "swiss"]
[EventCountry "POL"]
[SourceTitle "playchess.com"]
[Source "ChessBase"]
[SourceQuality "1"]
[TimeControl "40/5400+30:1800+30"]

1. d4 Nf6 2. c4 e6 3. Nc3 Bb4 4. f3 c5 5. d5 b5 6. e4 O-O 7. e5 Ne8 8. f4 d6 9. Nf3 Bxc3+ 10. bxc3 Qa5 11. Be2 Qxc3+ 12. Bd2 Qa3 13. O-O bxc4 14. dxe6 Bxe6 15. Ng5 Qa6 16. Qc2 g6 17. f5 Bd5 18. e6 f6 19. fxg6 h6 20. g7 hxg5 21. gxf8=Q+ Kxf8 1-0

[Event "4th Memorial Warakomska-A 2020"]
[Site "Suwalki"]
[Date "2020.08.10"]
[Round "6.15"]
[White "Strzelecki, Jerzy"]
[Black "Staroszczyk, Mateusz"]
[Result "1/2-1/2"]
[ECO "A04"]
[WhiteElo "1977"]
[BlackElo "1984"]
[Annotator "ChessBase"]
[PlyCount "80"]
[EventDate "2020.08.06"]
[EventType "swiss"]
[EventCountry "POL"]
[SourceTitle "playchess.com"]
[Source "ChessBase"]
[SourceQuality "1"]
[TimeControl "40/5400+30:1800+30"]

1. Nf3 c5 2. c4 b6 3. Nc3 Bb7 4. d4 cxd4 5. Nxd4 g6 6. e4 Bg7 7. Be3 Nc6 8. Be2 Nf6 9. Qd2 O-O 10. f3 Rc8 11. O-O Ne5 12. b3 Nc6 13. Rac1 Re8 14. Rfd1 d6 15. Nd5 Nxd4 16. Bxd4 Bxd5 17. cxd5 Qd7 18. Ba6 Rxc1 19. Rxc1 Rd8 20. Be3 e6 21. dxe6 Qxe6 22. Rd1 h5 23. Bc4 Qe7 24. Bf4 Ne8 25. Qd5 Bf6 26. e5 dxe5 27. Qxd8 Qxd8 28. Rxd8 Bxd8 29. Bxe5 Bc7 30. Bc3 Kf8 31. h3 h4 32. Kf2 Ke7 33. Ke3 Nd6 34. Bd3 Ke6 35. f4 Bd8 36. Kf3 f5 37. Be5 Kd5 38. Bxd6 Kxd6 39. Bc4 Ke7 40. Bd5 Kf6 1/2-1/2

[Event "4th Memorial Warakomska-A 2020"]
[Site "Suwalki"]
[Date "2020.08.10"]
[Round "6.16"]
[White "Flis, Pawel"]
[Black "Sobocinski, Slawomir"]
[Result "1/2-1/2"]
[ECO "A06"]
[WhiteElo "1873"]
[BlackElo "1914"]
[Annotator "ChessBase"]
[PlyCount "156"]
[EventDate "2020.08.06"]
[EventType "swiss"]
[EventCountry "POL"]
[SourceTitle "playchess.com"]
[Source "ChessBase"]
[SourceQuality "1"]
[TimeControl "40/5400+30:1800+30"]

1. Nf3 d5 2. g3 g6 3. Bg2 Bg7 4. O-O Nf6 5. c4 c5 6. d3 O-O 7. Nc3 Nc6 8. cxd5 Nxd5 9. Nxd5 Qxd5 10. Qa4 Bd7 11. Qh4 Qh5 12. Qxh5 gxh5 13. Be3 Nd4 14. Nxd4 cxd4 15. Bf4 e5 16. Bd2 Rac8 17. Rfc1 Bc6 18. Bxc6 Rxc6 19. Rxc6 bxc6 20. Rc1 Rc8 21. Rc5 f6 22. Kg2 Bf8 23. Rc4 Kf7 24. Kh3 Be7 25. b4 a6 26. a4 Ke6 27. Kh4 f5+ 28. Bg5 Bf8 29. Kxh5 Kd5 30. b5 axb5 31. axb5 c5 32. Bh6 Be7 33. Rc2 Rb8 34. Rb2 c4 35. dxc4+ Kxc4 36. Bg7 e4 37. Be5 Rb7 38. b6 d3 39. exd3+ exd3 40. g4 fxg4 41. Kxg4 Bb4 42. Bf4 Bc3 43. Rb1 d2 44. Bxd2 Bxd2 45. f4 Be3 46. f5 Bxb6 47. f6 Kc5 48. Kf5 Kd5 49. h3 Rb8 50. f7 Rf8 51. Rxb6 Rxf7+ 52. Kg5 Ke5 53. h4 Rf5+ 54. Kg4 Rf4+ 55. Kg3 Rf7 56. h5 Rg7+ 57. Kh4 Kf5 58. Rb1 Rg4+ 59. Kh3 Rg7 60. Rf1+ Kg5 61. Rg1+ Kh6 62. Rxg7 Kxg7 63. Kg4 Kf6 64. Kh4 Kf5 65. Kh3 Kg5 66. h6 Kxh6 67. Kh2 Kg5 68. Kh1 Kg4 69. Kh2 h5 70. Kg2 h4 71. Kh2 h3 72. Kh1 Kg3 73. Kg1 Kf3 74. Kh1 Kg4 75. Kh2 Kh4 76. Kh1 Kg3 77. Kg1 h2+ 78. Kh1 Kh3 1/2-1/2

[Event "4th Memorial Warakomska-A 2020"]
[Site "Suwalki"]
[Date "2020.08.11"]
[Round "7.1"]
[White "Gumularz, Szymon"]
[Black "Shilov, Sergej"]
[Result "1-0"]
[ECO "B46"]
[WhiteElo "2513"]
[BlackElo "2121"]
[Annotator "ChessBase"]
[PlyCount "83"]
[EventDate "2020.08.06"]
[EventType "swiss"]
[EventCountry "POL"]
[SourceTitle "playchess.com"]
[Source "ChessBase"]
[SourceQuality "1"]
[TimeControl "40/5400+30:1800+30"]

1. e4 c5 2. Nf3 e6 3. d4 cxd4 4. Nxd4 Nc6 5. Nc3 a6 6. g3 Qc7 7. Bg2 b5 8. O-O Bb7 9. Re1 Be7 10. Nxc6 dxc6 11. e5 h5 12. h4 Bb4 13. a4 Ne7 14. Qe2 g6 15. Bd2 Bxc3 16. Bxc3 Rc8 17. axb5 cxb5 18. Bxb7 Qxb7 19. Bb4 Nd5 20. Bd6 Qc6 21. c3 f5 22. Qd2 f4 23. Re4 Rh7 24. Qd3 Rf7 25. Rc1 Qb7 26. b3 fxg3 27. fxg3 Qb6+ 28. Rd4 Rf5 29. c4 Ne7 30. c5 Qb7 31. Bxe7 Kxe7 32. Rd1 Rc7 33. Rd8 Kf7 34. Qd6 Kg7 35. Qxe6 Rcf7 36. Qd5 Qe7 37. Rd7 Qf8 38. Rxf7+ Rxf7 39. e6 Rf5 40. Qd7+ Kf6 41. Qd4+ Kxe6 42. Qd7+ 1-0

[Event "4th Memorial Warakomska-A 2020"]
[Site "Suwalki"]
[Date "2020.08.11"]
[Round "7.2"]
[White "Lewicki, Miroslaw"]
[Black "Janik, Igor"]
[Result "0-1"]
[ECO "B44"]
[WhiteElo "2340"]
[BlackElo "2467"]
[Annotator "ChessBase"]
[PlyCount "78"]
[EventDate "2020.08.06"]
[EventType "swiss"]
[EventCountry "POL"]
[SourceTitle "playchess.com"]
[Source "ChessBase"]
[SourceQuality "1"]
[TimeControl "40/5400+30:1800+30"]

1. e4 c5 2. Nf3 e6 3. d4 cxd4 4. Nxd4 Nc6 5. Be3 Nf6 6. Nc3 Bb4 7. Nxc6 bxc6 8. e5 Ne4 9. Qg4 Qa5 10. Qxg7 Rf8 11. Bd3 Nxc3 12. a3 Ne4+ 13. Ke2 Be7 14. Bxe4 Ba6+ 15. Bd3 Bxd3+ 16. cxd3 Qd5 17. g3 a5 18. Rhc1 f5 19. d4 Rf7 20. Qg8+ Bf8 21. Qg5 Rb8 22. Rc2 Rb3 23. a4 Qe4 24. Rac1 Qd3+ 25. Kf3 Qe4+ 26. Ke2 Qd3+ 27. Kf3 Qxd4 28. Kg2 Qxe5 29. Kg1 Rb4 30. Rd1 Qe4 31. Rcd2 Qg4 32. Qxg4 fxg4 33. Rd4 d5 34. b3 Rfb7 35. Rxb4 Bxb4 36. h3 gxh3 37. Kh2 Kd7 38. Kxh3 Kd6 39. Kg4 Bc3 0-1

[Event "4th Memorial Warakomska-A 2020"]
[Site "Suwalki"]
[Date "2020.08.11"]
[Round "7.4"]
[White "Mulet, Piotr"]
[Black "Malaczek, Mateusz"]
[Result "1-0"]
[ECO "B06"]
[WhiteElo "2217"]
[BlackElo "2036"]
[Annotator "ChessBase"]
[PlyCount "69"]
[EventDate "2020.08.06"]
[EventType "swiss"]
[EventCountry "POL"]
[SourceTitle "playchess.com"]
[Source "ChessBase"]
[SourceQuality "1"]
[TimeControl "40/5400+30:1800+30"]

1. e4 g6 2. d4 Bg7 3. Nc3 d6 4. Bc4 Nf6 5. Nf3 O-O 6. O-O Nc6 7. d5 Nb8 8. h3 c6 9. dxc6 Nxc6 10. Be3 a6 11. a4 Bd7 12. Qd2 Rc8 13. Bd3 Na5 14. Bh6 Be6 15. Bxg7 Kxg7 16. b3 Qc7 17. Ne2 d5 18. e5 Ne4 19. Qe3 Nc5 20. Nfd4 Nxd3 21. cxd3 Qd7 22. h4 Nc6 23. Rae1 Nxd4 24. Nxd4 Rc3 25. h5 h6 26. f4 Kh7 27. Qd2 Rfc8 28. Re3 Bf5 29. e6 fxe6 30. Rfe1 Bg4 31. hxg6+ Kg8 32. f5 Bxf5 33. Nxf5 Rc2 34. Nxh6+ Kg7 35. Qd1 1-0